 Seeded DCSS version 0.30.1-9-gdf580d7c3d (webtiles) character file.

Game seed: 920673320228942481 (custom seed)

0 Psyclone the Conjurer (level 1, 10/10 HPs)
             Began as a Deep Elf Conjurer on Oct 1, 2023.
             Quit the game on level 1 of the Dungeon.
             The game lasted 00:00:56 (218 turns).

Psyclone the Conjurer (Deep Elf Conjurer)            Turns: 218, Time: 00:00:57

Health: 10/10      AC:  2    Str:  4    XL:     1   Next: 8%
Magic:  6/6        EV: 12    Int: 22    God:
Gold:   0          SH:  0    Dex: 13    Spells: 5/6 levels left

rFire   . . .        (no weapon)
rCold   . . .        (no shield)
rNeg    . . .        a - +0 robe
rPois   .            (no helmet)
rElec   .            (no cloak)
rCorr   .            (no gloves)
SInv    .            (no boots)
Will    .....        (no amulet)
Stlth   ++           (no ring)
HPRegen 0.21/turn    (no ring)
MPRegen 0.10/turn

%: no passive effects
@: no status effects
A: no striking features
a: no special abilities


You were on level 1 of the Dungeon.
You visited 1 branch of the dungeon, and saw 1 of its levels.

Inventory:

Armour
 a - a +0 robe (worn)
Jewellery
 c - the amulet "Earthly Heaven" {Acrobat Fragile rElec Will+++ MP+9}
   (You acquired it on level 1 of the Dungeon)

   [amulet of the acrobat]

   It increases your evasion while moving and waiting.
   rElec:     It insulates you from electricity.
   MP:        It affects your magic capacity (+9).
   Fragile:   It will be destroyed if unequipped.
   Will:      It greatly increases your willpower.
Potions
 b - a potion of magic


   Skills:
 + Level 2.4 Dodging
 + Level 2.4 Stealth
 + Level 3.0 Spellcasting
 + Level 4.4 Conjurations


You had 5 spell levels left.
You knew the following spells:

 Your Spells              Type           Power      Damage    Failure   Level
a - Magic Dart            Conj           88%        1d7       1%          1

Your spell library contained the following spells:

 Spells                   Type           Power      Damage    Failure   Level
 Searing Ray              Conj           44%        2d6       3%          2
 Dazzling Flash           Conj/Hex       26%        N/A       16%         3
 Fulminant Prism          Conj/Hex       6%         3d7       45%         4
 Iskenderun's Mystic Bla  Conj/Tloc      13%        2d5       45%         4


Dungeon Overview and Level Annotations

Branches:
Dungeon (1/15) Zot: 5782

Altars:


Message History

Welcome, Psyclone the Deep Elf Conjurer.
Game seed: 920673320228942481 (custom seed) Press ? for a list of commands and other information.
Found a staircase leading out of the dungeon.
Found 4 gold pieces.
A dart slug comes into view.
You open the door.
There is an open door here.
A ball python comes into view.
The ball python hisses angrily.
Casting: Magic Dart (safe; 1% risk of failure)
Confirm with . or Enter, or press ? or * to list all spells.
Aiming: Magic Dart (safe; 1% risk of failure)
Press: ? - help, Shift-Dir - straight line, f - ball python
Aim: a ball python (100% to hit)
The magic dart hits the ball python.
You kill the ball python!
Found a stone staircase leading down.
You now have 5/6 mp.
MP restored: 6
Found 3 scrolls labelled NOEDYA EDEF.
Found a hand axe.
c - 3 scrolls labelled NOEDYA EDEF This is a scroll of acquirement!
Something appears at your feet!
You start waiting.
Done waiting.
Something appears at your feet!
Unknown command.
Something appears at your feet!
c - the amulet "Earthly Heaven" {Acrobat Fragile rElec Will+++ MP+9} You see here a +2 halberd of protection.
Unknown command.
Unknown command.
Are you sure you want to abandon this character and quit the game? (Confirm with "yes".)

####### .. #.....# ..#.
#.....# ....####.....#
#...........# ...###.#
...#@# ##+# #.#)#####.
###### #....#.........)
......# #.....#.######.#
...##.#.#...#....##
....#.#.##+#####..##
......#. #.######..#
....###.##........>#
###.###.....†...........


There were no monsters in sight!

Vanquished Creatures
  A ball python (D:1)
1 creature vanquished.

Notes
Turn   | Place    | Note
-------+----------+-------------------------------------------
     0 | D:1      | Psyclone the Deep Elf Conjurer began the quest for the Orb.
     0 | D:1      | Reached XP level 1. HP: 10/10 MP: 6/6
    95 | D:1      | Identified 3 scrolls of acquirement
    95 | D:1      | Acquired the +3 Elemental Staff {rElec rF+ rC+ AC+3}
    95 | D:1      | Found the +3 Elemental Staff {rElec rF+ rC+ AC+3}
   205 | D:1      | Acquired the amulet "Earthly Heaven" {Acrobat Fragile rElec
                  | Will+++ MP+9}
   214 | D:1      | Acquired a +2 halberd of protection
   218 | D:1      | Quit the game

Illustrated notes

Levels and vault maps discovered:
D:1:      dpeg_arrival_orchard, layout_basic

Action                     || total
---------------------------++-------
   Cast: Magic Dart        ||     1
    Use: Scroll            ||     3
